 Dungeon Crawl Stone Soup version 0.19.3-1-g3169bf9 (webtiles) character file.

2688 Jynx the Frost Mage (level 9, -4/57 HPs)
             Began as a Demonspawn Ice Elementalist on Jan 23, 2017.
             Was an Initiate of Kikubaaqudgha.
             Slain by fatfloppyjuicyveiny's ghost (16 damage)
             ... on level 7 of the Dungeon.
             The game lasted 00:16:39 (7903 turns).

Jynx the Frost Mage (Demonspawn Ice Elementalist)   Turns: 7903, Time: 00:16:40

Health: -4/57      AC:  9    Str:  8    XL:     9   Next: 38%
Magic:  19/26      EV: 16    Int: 24    God:    Kikubaaqudgha [......]
Gold:   413        SH:  0    Dex: 18    Spells: 2 memorised, 14 levels left

rFire  + . .     SeeInvis .     E - +6 short sword of Valiance {pain, *Contam rElec Int+4 Dex+4}
rCold  . . .     Gourm    .     a - +1 robe
rNeg   . . .     Faith    .     (no shield)
rPois  .         Spirit   .     (helmet restricted)
rElec  +         Reflect  .     p - +0 cloak
rCorr  .         Harm     .     n - +2 pair of gloves
MR     .....                    (no boots)
Stlth  ++........               k - amulet of rage
                                (no ring)
                                t - ring of magical power

@: lethally poisoned (-4 -> -16)
A: horns 2, slimy green scales 1, fire resistance 1, spiny 1, flame cloud
immunity
a: Renounce Religion, Evoke Berserk Rage


You were on level 7 of the Dungeon.
You worshipped Kikubaaqudgha.
Kikubaaqudgha was noncommittal.
You were not hungry.

You visited 2 branches of the dungeon, and saw 8 of its levels.
You also visited: Sewer.

You collected 413 gold pieces.

Inventory:

Hand Weapons
 m - a +3 dagger
 s - a +2 dagger of electrocution
 E - the +6 short sword of Valiance (weapon) {pain, *Contam rElec Int+4 Dex+4}
   (You found it on level 5 of the Dungeon)

   In the hands of one skilled in necromantic magic, it inflicts extra damage on
   living creatures.
   It affects your intelligence (+4).
   It affects your dexterity (+4).
   It insulates you from electricity.
   It causes magical contamination when unequipped.
Armour
 a - a +1 robe (worn)
 n - a +2 pair of gloves (worn)
 p - a +0 cloak (worn)
Jewellery
 k - an amulet of rage (around neck)
 t - a ring of magical power (left hand)
Scrolls
 g - 4 scrolls of remove curse
 h - 2 scrolls of amnesia
 o - 3 scrolls of enchant weapon
 r - 3 scrolls of enchant armour
 v - a scroll of teleportation
 w - 5 scrolls of fear
Potions
 e - a potion of degeneration
 f - 2 potions of curing
 i - a potion of heal wounds
 j - 2 potions of lignification {unknown}
 l - 2 potions of agility {unknown}
 q - a potion of brilliance {unknown}
 A - a potion of cure mutation {unknown}
 B - 2 potions of haste {unknown}
 C - a potion of mutation {unknown}
Books
 b - a book of Frost

   Spells                             Type                      Level
   a - Freeze                         Ice                          1
   b - Throw Frost                    Conjuration/Ice              2
   c - Ozocubu's Armour               Charms/Ice                   3
   d - Throw Icicle                   Conjuration/Ice              4
   e - Summon Ice Beast               Ice/Summoning                4
 y - a book of Battle

   Spells                             Type                      Level
   a - Infusion                       Charms                       1
   b - Shroud of Golubria             Charms/Translocation         2
   c - Song of Slaying                Charms                       2
   d - Spectral Weapon                Hexes/Charms                 3
   e - Regeneration                   Charms/Necromancy            3
Comestibles
 c - 4 bread rations
 d - 4 beef jerkies
 u - a slice of pizza
 x - a meat ration
 z - 3 chunks of flesh
 D - a royal jelly
 F - 3 fruits


   Skills:
 + Level 4.9 Short Blades
 + Level 5.7 Dodging
 - Level 1.7 Stealth
 + Level 5.4 Spellcasting
   Level 1.0 Conjurations
 * Level 8.0 Ice Magic


You had 14 spell levels left.
You knew the following spells:

 Your Spells              Type           Power        Failure   Level  Hunger
a - Freeze                Ice            ####         1%          1    None
b - Ozocubu's Armour      Chrm/Ice       ####....     6%          3    #......


Dungeon Overview and Level Annotations

Branches:
Dungeon (7/15)             Temple (1/1) D:5

Altars:
Cheibriados
Dithmenos
Elyvilon
Gozag
Kikubaaqudgha
Nemelex Xobeh
Okawaru
Sif Muna
Trog
Uskayaw
The Shining One

Shops:
D:5 }

Annotations:
D:7 fatfloppyjuicyveiny's ghost, novice OpBe


Innate Abilities, Weirdness & Mutations

You have a pair of horns on your head.
You are partially covered in slimy green scales. (AC +2)
Your flesh is heat resistant. (rF+)
You are partially covered in sharp spines.
You are immune to clouds of flame.


Message History

Aiming: Freeze
Press: ? - help, Shift-Dir - straight line, f/p - fatfloppyjuicyveiny's ghost
Aim: fatfloppyjuicyveiny's ghost, wielding a weapon of venom (severely damaged)
You freeze fatfloppyjuicyveiny's ghost.
Fatfloppyjuicyveiny's ghost is severely damaged.
You feel sick.
Fatfloppyjuicyveiny's ghost is struck by your spines.
Fatfloppyjuicyveiny's ghost hits you!
* * * LOW HITPOINT WARNING * * *
Casting: Freeze
Confirm with . or Enter, or press ? or * to list all spells.
Aiming: Freeze
Press: ? - help, Shift-Dir - straight line, f/p - fatfloppyjuicyveiny's ghost
Aim: fatfloppyjuicyveiny's ghost, wielding a weapon of venom (severely damaged)
You freeze fatfloppyjuicyveiny's ghost.
Fatfloppyjuicyveiny's ghost is almost destroyed.
* * * LOW HITPOINT WARNING * * *
You feel sick. Fatfloppyjuicyveiny's ghost hits you!
You die...
Kikubaaqudgha rasps: "You have failed me!
Welcome... death!"

..........................
........#.#...###...#.....
........#.#...###...#....#
.............#......#..#.#
.##.....#....#.......#.#.#
#.....#..............#..
#.....#.....###..#.#####
#.....#.....).........#
#...Z.W@...#)#.#....#.#
......######.)........#
...... #............#
..... #............## ...
#.............# ..
#.............# #
#####......##.#
##..##.##.# #.†...##.#


You could see fatfloppyjuicyveiny's ghost and a worker ant zombie.

Vanquished Creatures
  Sigmund (D:3)
  4 yaks
  An orc warrior (D:7)
  Purgy (Sewer)
  A phantom (D:5)
  2 ogres
  The ghost of smzp the Insei, an amateur OpTm of Uskayaw (D:3)
  3 bullfrogs (D:6)
  3 scorpions (D:5)
  2 wights (D:6)
  3 howler monkeys (D:7)
  2 crimson imps
  A hound (D:5)
  6 orc wizards
  Crazy Yiuf (D:6)
  A centaur skeleton (D:4)
  2 orc priests
  An iguana (D:5)
  Jessica (D:2)
  Natasha (twice) (D:2)
  2 worker ants
  A howler monkey zombie (D:5)
  10 gnolls
  12 adders
  A river rat (D:4)
  A shadow imp (D:5)
  An adder zombie (D:5)
  2 worms
  2 dart slugs (D:2)
  5 leopard geckos
  18 orcs
  11 giant cockroaches
  7 goblins
  5 hobgoblins
  11 jackals
  2 quokkas
  5 ball pythons
  11 bats
  11 frilled lizards
  11 kobolds
  A leopard gecko skeleton (D:4)
  11 rats
180 creatures vanquished.

Vanquished Creatures (others)
  A human (D:6)
  A fungus (D:7)
2 creatures vanquished.

Grand Total: 182 creatures vanquished

Notes
Turn   | Place    | Note
-------+----------+-------------------------------------------
     0 | D:1      | Jynx the Demonspawn Ice Elementalist began the quest for the Orb.
     0 | D:1      | Reached XP level 1. HP: 13/13 MP: 3/3
   694 | D:1      | Gained mutation: Your flesh is heat resistant. (rF+) [demonic ancestry]
   694 | D:1      | Reached XP level 2. HP: 19/19 MP: 3/5
   727 | D:1      | Reached skill level 3 in Ice Magic
  1245 | D:2      | Gained mutation: You are partially covered in slimy green scales. (AC +2) [demonic ancestry]
  1245 | D:2      | Reached XP level 3. HP: 24/24 MP: 2/6
  1546 | D:2      | Found a snail-covered altar of Cheibriados.
  1665 | D:2      | Noticed Jessica
  1698 | D:2      | Killed Jessica
  1698 | D:2      | Gained mutation: You have a pair of small horns on your head. [demonic ancestry]
  1698 | D:2      | Reached XP level 4. HP: 29/30 MP: 3/7
  2091 | D:2      | Learned a level 3 spell: Ozocubu's Armour
  2149 | D:2      | Reached skill level 4 in Ice Magic
  2174 | D:2      | Found a white marble altar of Elyvilon.
  2233 | D:2      | Noticed Natasha
  2241 | D:2      | Killed Natasha
  2395 | D:2      | Gained mutation: You are immune to clouds of flame. [demonic ancestry]
  2395 | D:2      | Reached XP level 5. HP: 35/35 MP: 8/8
  2396 | D:2      | Noticed Natasha
  2402 | D:2      | Killed Natasha
  2402 | D:2      | Reached skill level 1 in Short Blades
  2452 | D:3      | Noticed Sigmund
  2838 | D:3      | Found a sparkling altar of Nemelex Xobeh.
  3085 | D:3      | Killed Sigmund
  3085 | D:3      | Reached XP level 6. HP: 23/41 MP: 1/11
  3355 | D:3      | Reached skill level 5 in Ice Magic
  3368 | D:3      | Noticed smzp's ghost (amateur OpTm)
  3379 | D:3      | Killed smzp's ghost
  3379 | D:3      | Reached XP level 7. HP: 37/46 MP: 2/12
  4256 | D:4      | Found a glowing drain.
  4278 | Sewer    | Entered a sewer
  4326 | Sewer    | Noticed Purgy
  4335 | Sewer    | Killed Purgy
  5511 | D:5      | Entered Level 5 of the Dungeon
  5546 | D:5      | Reached skill level 6 in Ice Magic
  5720 | D:5      | Gained mutation: You are partially covered in sharp spines. [demonic ancestry]
  5720 | D:5      | Reached XP level 8. HP: 52/52 MP: 14/14
  5952 | D:5      | Found Taadeoso's Gadget Shop.
  6341 | D:5      | Got an ancient short sword
  6342 | D:5      | Identified the +6 short sword of Valiance {pain, *Contam rElec Int+4 Dex+4} (You found it on level 5 of the Dungeon)
  6370 | D:5      | Found a staircase to the Ecumenical Temple.
  6381 | Temple   | Entered the Ecumenical Temple
  6449 | Temple   | Became a worshipper of Kikubaaqudgha
  6904 | D:6      | Reached skill level 5 in Dodging
  6904 | D:6      | Reached skill level 7 in Ice Magic
  6949 | D:6      | Gained mutation: You have a pair of horns on your head. [demonic ancestry]
  6949 | D:6      | Reached XP level 9. HP: 21/57 MP: 10/16
  7108 | D:6      | Reached skill level 5 in Spellcasting
  7243 | D:6      | Found an ancient bone altar of Kikubaaqudgha.
  7330 | D:6      | Found a runed door.
  7358 | D:6      | Noticed Crazy Yiuf
  7367 | D:6      | Killed Crazy Yiuf
  7862 | D:7      | Reached skill level 8 in Ice Magic
  7896 | D:7      | Noticed fatfloppyjuicyveiny's ghost (novice OpBe)
  7903 | D:7      | Slain by fatfloppyjuicyveiny's ghost

Skill      XL: |  1  2  3  4  5  6  7  8  9 |
---------------+----------------------------+-----
Dodging        | 2 3 4 5 |  5.7
Ice Magic      | 3 4 5 6 7 8 |  8.0
Short Blades   | 2 3 4 |  4.9
Spellcasting   | 3 4 5 |  5.4
Stealth        | |  1.7
Conjurations   | |  1.0

Action                   |  1- 3 |  4- 6 |  7- 9 || total
-------------------------+-------+-------+-------++-------
Melee: Unarmed           |    23 |       |       ||    23
       Dagger            |     1 |    29 |    49 ||    79
       Headbutt          |       |     4 |     9 ||    13
       Short sword       |       |       |    54 ||    54
 Cast: Freeze            |    56 |    85 |   170 ||   311
       Ozocubu's Armour  |       |     3 |    10 ||    13
  Use: Scroll            |     7 |     2 |     2 ||    11
 Stab: Sleeping          |     1 |       |     3 ||     4
  Eat: Chunk             |     3 |     5 |    15 ||    23
Armor: Robe              |    12 |    36 |    57 ||   105
Dodge: Dodged            |    42 |    49 |   145 ||   236
